 Dungeon Crawl Stone Soup version 0.31.0-11-ge490571c62 (webtiles) character file.

Game seed: 12908802144732528618

120 qw the Shooter (level 4, -1/23 HPs)
             Began as a Spriggan Hunter on Feb 4, 2024.
             Slain by a gnoll
             ... wielding a +0 spear
              (4 damage)
             ... on level 3 of the Dungeon.
             The game lasted 00:00:06 (1190 turns).

qw the Shooter (Spriggan Hunter)                    Turns: 1190, Time: 00:00:06

Health: -1/23      AC:  2    Str:  7    XL:     4   Next: 75%
Magic:  5/5        EV: 20    Int: 10    God:
Gold:   83         SH:  0    Dex: 20    Spells: 3/3 levels left

rFire   . . .        a - +1 shortbow
rCold   . . .        (shield currently unavailable)
rNeg    . . .        c - +0 robe
rPois   .            (helmet restricted)
rElec   .            (no cloak)
rCorr   .            (gloves unavailable)
SInv    +            (boots unavailable)
Will    .....        (no amulet)
Stlth   ++           (no ring)
HPRegen 0.23/turn    (no ring)
MPRegen 0.09/turn

%: no passive effects
@: very quick
A: very small, no large weapons, unfitting armour, see invisible, speed 3
a: no special abilities


You were on level 3 of the Dungeon.
You visited 1 branch of the dungeon, and saw 3 of its levels.

You collected 83 gold pieces.


Innate Abilities, Weirdness & Mutations

You are very small and have problems with some larger weapons.
You are too small for most types of armour.
You have supernaturally acute eyesight. (SInv)
You cover ground extremely quickly. (Speed+++)


   Skills:
 + Level 1.8 Fighting
 - Level 5.0 Ranged Weapons
 - Level 5.0 Dodging
 - Level 1.5 Stealth


You had 3 spell levels left.
You didn't know any spells.
Your spell library was empty.

Inventory:

Hand Weapons
 a - a +1 shortbow (weapon)
Armour
 c - a +0 robe (worn)
Wands
 b - a wand of flame (10)
Potions
 d - a potion of lignification {unknown}
 e - a potion of attraction {unknown}

Dungeon Overview and Level Annotations

Branches:
Dungeon (3/15)

Altars:
Elyvilon
Wu Jian

Shops:
D:3 :


Message History

The gnoll closely misses you. The goblin completely misses you.
The gnoll misses you.
You shoot an arrow. The arrow hits the goblin.
The goblin is moderately wounded.
The goblin hits you with a +0 club.
The gnoll hits you from afar with a +0 spear.
You shoot an arrow. The arrow closely misses the goblin. x2
The gnoll completely misses you.
The goblin shoots a sling bullet.
The sling bullet misses you.
You shoot an arrow. The arrow closely misses the goblin.
The goblin closely misses you.
The gnoll hits you from afar with a +0 spear.
The goblin shoots a sling bullet.
The sling bullet misses you.
You shoot an arrow. The arrow hits the goblin!
You kill the goblin!
The goblin shoots a sling bullet.
The sling bullet misses you. The gnoll completely misses you.
You shoot an arrow. The arrow barely misses the gnoll.
The goblin shoots a sling bullet.
The sling bullet barely misses you. The gnoll misses you.
You shoot an arrow. The arrow hits the gnoll.
The gnoll is almost dead.
The goblin shoots a sling bullet.
The sling bullet hits you. The gnoll closely misses you.
The goblin shoots a sling bullet.
The sling bullet barely misses you. The gnoll completely misses you.
You shoot an arrow.
The arrow hits the gnoll but does no damage.
The gnoll is almost dead.
The gnoll barely misses you.
You shoot an arrow. The arrow hits the goblin.
You kill the goblin!
The gnoll hits you from afar with a +0 spear.
You shoot an arrow. The arrow barely misses the goblin.
The gnoll barely misses you. The goblin hits you but does no damage.
You shoot an arrow. The arrow hits the goblin!
You kill the goblin!
The gnoll hits you from afar with a +0 spear.
You shoot an arrow. The arrow closely misses the gnoll.
The gnoll hits you from afar with a +0 spear.
You die...

.........................
~~~~~~~~~~~~~~~~~~....~~~
~~~~~~~~~~~~~~~~~~....~~~
~~~~~~~~~~~~~~~~~~....~~~
~~~~~~~~~~~~~~~~~~....~~~
###################''####
........#...... #....#
.......))g..... #....#
.......@#########....##
#####..........#....).#.
#..........'......'.
#..........#.)..).#.
.......#########....###
.......+ #...)# .)......#
#....# ######### ######


You could see a gnoll.

Vanquished Creatures
  An orc priest (D:3)
  An orc wizard (D:3)
  An adder (D:2)
  A ribbon worm (D:3)
  5 orcs
  4 endoplasms
  12 goblins
  5 hobgoblins
  A quokka (D:1)
  3 ball pythons
  4 bats
  3 frilled lizards (D:1)
  4 kobolds
  4 rats
49 creatures vanquished.

Notes
Turn   | Place    | Note
-------+----------+-------------------------------------------
     0 | D:1      | qw the Spriggan Hunter began the quest for the Orb.
     0 | D:1      | Reached XP level 1. HP: 10/10 MP: 2/2
     0 | D:1      | 0 ||| qw: Version: 0.3-a-160-g6735b56
     0 | D:1      | 0 ||| qw: Game counter: 5568
     0 | D:1      | 0 ||| qw: Melee chars always use a shield: true
     0 | D:1      | 0 ||| qw: God list: Okawaru
     0 | D:1      | 0 ||| qw: Allow faded altars: false
     0 | D:1      | 0 ||| qw: Do Orc after clearing Dungeon:15 true
     0 | D:1      | 0 ||| qw: Do second Lair branch before Depths: true
     0 | D:1      | 0 ||| qw: Lair rune preference: random
     0 | D:1      | 0 ||| qw: Goals: Normal
     0 | D:1      | 0 ||| PLANNING D:1-11
    55 | D:1      | Reached skill level 3 in Dodging
   118 | D:1      | Reached XP level 2. HP: 14/14 MP: 3/3
   434 | D:1      | Reached XP level 3. HP: 18/18 MP: 4/4
   595 | D:1      | 595 ||| READING scroll labelled GUOTZO UMIMEU.
   599 | D:1      | 599 ||| READING scroll labelled QOCSEDOSSE.
   700 | D:1      | 700 ||| READING scroll labelled FENWIA ZAZOULI.
   701 | D:1      | 701 ||| READING scroll labelled ONYJ PELLYTUFO.
   702 | D:1      | 702 ||| READING scroll labelled WOHEOSOCINY.
   702 | D:1      | 702 ||| IDENTIFYING scroll labelled UVEUMO FEWOOT
   703 | D:1      | 703 ||| READING scroll of enchant weapon.
   703 | D:1      | 703 ||| ENCHANTING +0 shortbow.
   704 | D:1      | 704 ||| DROPPING scroll of butterflies.
   788 | D:2      | You fall into a shaft and drop 1 floor!
   788 | D:3      | Found a white marble altar of Elyvilon.
   789 | D:3      | 789 ||| PLANNING SEWER
   860 | D:3      | Found an ornate altar of the Wu Jian Council.
   864 | D:3      | HP: 4/18 [orc priest/divine providence (14)]
   865 | D:3      | 865 ||| FLEEEEING.
   866 | D:3      | 866 ||| FLEEEEING.
   867 | D:3      | 867 ||| FLEEEEING.
   868 | D:3      | 868 ||| FLEEEEING.
   869 | D:3      | 869 ||| FLEEEEING.
   870 | D:3      | 870 ||| STAIRDANCE
   928 | D:3      | 928 ||| STAIRDANCE
   933 | D:3      | 933 ||| STAIRDANCE
   990 | D:3      | Found Soyf's Book Emporium.
  1009 | D:3      | 1009 ||| RETREEEEATING.
  1011 | D:3      | Reached XP level 4. HP: 14/22 MP: 5/5
  1011 | D:3      | 1011 ||| FLEEEEING.
  1012 | D:3      | 1012 ||| FLEEEEING.
  1013 | D:3      | 1013 ||| FLEEEEING.
  1014 | D:3      | 1014 ||| FLEEEEING.
  1016 | D:3      | 1016 ||| STAIRDANCE
  1049 | D:3      | 1049 ||| STAIRDANCE
  1059 | D:3      | 1059 ||| STAIRDANCE
  1089 | D:3      | 1089 ||| STAIRDANCE
  1108 | D:3      | 1108 ||| STAIRDANCE
  1187 | D:3      | HP: 5/23 [gnoll/+0 spear (6)]
  1190 | D:3      | Slain by a gnoll

Levels and vault maps discovered:
D:1:      minmay_arrival_hallway, layout_basic
D:2:      layout_basic, basic_altar, amcnicky_mini_corridor_feature
D:3:      minmay_goblin_kobold_castle, layout_rooms, lemuel_round_altar,
          slow_altar_2, nicolae_overflow_crystal_walls,
          overflow_temple_1_default, mainiacjoe_sewer_entry_somewhere_in_here_1,
          serial_shops, nicolae_book_shop_shelving

Skill      XL: |  1  2  3  4 |
---------------+-------------+-----
Dodging        | 3 4 5 |  5.0
Ranged Weapons | 5 |  5.0
Fighting       | |  1.8
Stealth        | |  1.5

Action                     |  1- 3 |  4- 6 || total
---------------------------+-------+-------++-------
   Fire: Shortbow          |    75 |    41 ||   116
    Use: Scroll            |     6 |       ||     6
 Armour: Robe              |     7 |    15 ||    22
  Dodge: Dodged            |    14 |    43 ||    57

Table legend:
 A = Non-vault XP
 B = Vault XP
 C = Vault XP percentage of total XP
 D = Non-vault monster count
 E = Vault monster count
 F = Vault count percentage of total count
                 A         B        C        D         E       F
            +---------+---------+-------+---------+---------+-------
      Total |     160 |      12 |   7.0 |      42 |       7 |  14.3
            +---------+---------+-------+---------+---------+-------
        D:1 |      43 |       0 |   0.0 |      27 |       0 |   0.0
        D:2 |      30 |       0 |   0.0 |       8 |       0 |   0.0
        D:3 |      87 |      12 |  12.1 |       7 |       7 |  50.0
            +---------+---------+-------+---------+---------+-------
